 Dungeon Crawl Stone Soup version 0.28-a0-861-ge64d6db94f (webtiles) character file.

Game seed: 883577276905956812

8086 frimble the Grappler (level 11, -1/115 HPs)
             Began as a Troll Warper on Nov 16, 2021.
             Was an Elder of Cheibriados.
             Slain by a centaur warrior (4 damage)
             ... on level 11 of the Dungeon.
             The game lasted 00:12:19 (8927 turns).

frimble the Grappler (Troll Warper)                 Turns: 8927, Time: 00:12:20

Health: -1/115     AC: 12    Str: 31    XL:     11   Next: 5%
Magic:  12/12      EV: 11    Int: 22    God:    Cheibriados [****..]
Gold:   735        SH:  0    Dex: 19    Spells: 10/12 levels left

rFire   . . .      SeeInvis .     - Unarmed
rCold   . . .      Faith    .   (no shield)
rNeg    . . .      Spirit   .   w - +2 troll leather armour
rPois   .          Reflect  .   f - +2 hat
rElec   .          Harm     .   i - +1 cloak
rCorr   .          Rampage  .   (gloves unavailable)
Will    +....                   (boots unavailable)
Stlth   +.........              (no amulet)
HPRegen 2.29/turn               b - ring of willpower
MPRegen 0.13/turn               (no ring)

@: very slow
A: large, unfitting armour, claws 3, regeneration 1, shaggy fur 1, tough skin 1
a: Renounce Religion, Bend Time, Temporal Distortion, Slouch


You were on level 11 of the Dungeon.
You worshipped Cheibriados.
Cheibriados was greatly pleased with you.
You visited 2 branches of the dungeon, and saw 12 of its levels.

You collected 735 gold pieces.

Inventory:

Missiles
 c - 9 boomerangs of dispersal
 k - a silver boomerang
 n - 5 boomerangs
 x - 3 large rocks (quivered)
Armour
 f - a +2 hat (worn)
 i - a +1 cloak (worn)
 w - a +2 troll leather armour (worn)
Jewellery
 b - a ring of willpower (left claw)
Wands
 e - a wand of mindburst (7)
 j - a wand of charming (7)
 l - a wand of flame (16)
 p - a wand of polymorph (9)
 q - a wand of iceblast (4)
Scrolls
 o - a scroll of silence
 s - 4 scrolls of identify
Potions
 d - 7 potions of curing
 g - 3 potions of haste
 h - 3 potions of flight
 m - a potion of lignification
 r - a potion of might {unknown}
 t - a potion of brilliance {unknown}


   Skills:
 - Level 9.1 Fighting
 + Level 3.3 Throwing
 + Level 2.0 Armour
 - Level 3.8 Dodging
 + Level 10.1 Unarmed Combat
 - Level 1.3 Spellcasting
 - Level 6.7 Translocations


You had 10 spell levels left.
You knew the following spells:

 Your Spells              Type           Power      Damage    Failure   Level
a - Blink                 Tloc           62%        N/A       1%          2

Your spell library contained the following spells:

 Spells                   Type           Power      Damage    Failure   Level
 Gell's Gravitas          Tloc           31%        N/A       3%          3
 Lesser Beckoning         Tloc           31%        N/A       3%          3
 Teleport Other           Tloc           31%        N/A       3%          3
 Manifold Assault         Tloc           31%        N/A       28%         5
 Ignite Poison            Fire/Tmut/Pois 1%         N/A       43%         3
 Mephitic Cloud           Conj/Pois/Air  1%         N/A       43%         3
 Dispersal                Tloc           15%        N/A       85%         6
 Freezing Cloud           Conj/Ice/Air   0%         6-21      99%         5
 Storm Form               Tmut/Air       0%         N/A       100%        7


Dungeon Overview and Level Annotations

Branches:
Dungeon (11/15)            Temple (1/1) D:5
   Lair: D:8-11         Orc: D:9-12

Altars:
Ashenzari
Cheibriados
Dithmenos
Elyvilon
Fedhas
Gozag
Hepliaklqana
Kikubaaqudgha
Makhleb
Nemelex Xobeh
Okawaru
Qazlal
Ru
Sif Muna
Trog
Vehumet
Wu Jian
Xom
Yredelemnul
The Shining One

Shops:
D:7 (   D:9 ?

Annotations:
D:4 2 transporters, croobank's ghost, weakling HuDe


Innate Abilities, Weirdness & Mutations

You are too large for most types of armour.
You have claws for hands.
Your natural rate of healing is unusually fast.
You are covered in fur. (AC +1)
You have tough skin. (AC +1)


Message History

You are too injured to fight recklessly!
You are too injured to fight recklessly!
You are too injured to fight recklessly!
You are too injured to fight recklessly!
A centaur warrior is nearby!
A centaur warrior is nearby!
The centaur warrior shoots an arrow.
The arrow hits you!!
The centaur warrior shoots an arrow.
The arrow closely misses you.
The centaur warrior shoots an arrow.
The arrow hits you!
* * * LOW HITPOINT WARNING * * *
The centaur warrior shoots an arrow.
The arrow hits you!
* * * LOW HITPOINT WARNING * * *
The centaur warrior shoots an arrow.
The arrow hits you!
* * * LOW HITPOINT WARNING * * *
The centaur warrior shoots an arrow.
The arrow barely misses you.
You feel much better.
The centaur warrior shoots an arrow.
The arrow hits you!
* * * LOW HITPOINT WARNING * * *
Okay, then.
Okay, then.
Unknown command.
You feel much better.
The centaur warrior shoots an arrow.
The arrow hits you!
* * * LOW HITPOINT WARNING * * *
Okay, then.
Okay, then.
The centaur warrior unwields a +0 longbow.
The centaur warrior wields a +0 war axe.
The centaur warrior hits you with a +0 war axe!
* * * LOW HITPOINT WARNING * * *
The centaur warrior kicks you but does no damage.
The centaur warrior hits you with a +0 war axe!
* * * LOW HITPOINT WARNING * * *
The centaur warrior kicks you.
* * * LOW HITPOINT WARNING * * *
Items here: )) [ †.
You mangle the centaur warrior!!
The centaur warrior is heavily wounded.
The centaur warrior hits you with a +0 war axe!
* * * LOW HITPOINT WARNING * * *
The centaur warrior kicks you.
You die...

#.# #.# #.# #.# ### ###
#.# #.# #.. ..# #.# #.#
#.###.### ###.# #.#
#.#..... .##.#######.#
#.#.#.# #.#......##.#
#.)...#
#......#.##.###.).).####.#
#.##.#....)...)c@..)..)..#
<###.###.##.###.....######
# #.....##..##.....# #..
#########.####...#
#.######### ### #.# ###.#
#.##....... ##.## #.# #.#
#.##......# #.#.## #.# #.#
#.##.####.. .###.## #.#
#.# #.##.# #.# ## ##.# #.#
#.# #.##.####..


You could see a centaur warrior.

Vanquished Creatures
  Pikel (D:6)
  An ugly thing (D:8)
  A cyclops (D:11)
  Maggie (D:7)
  A komodo dragon (D:11)
  A troll (D:10)
  A hornet (D:8)
  4 yaks (D:11)
  A wyvern (D:7)
  2 steam dragons
  A warg (D:11)
  A water moccasin (D:6)
  2 orc warriors
  2 sky beasts
  An ice beast (D:5)
  An ogre (D:7)
  4 centaurs
  A phantom (D:2)
  A kobold brigand (D:6)
  A scorpion (D:6)
  2 gnoll sergeants (D:6)
  A bullfrog (D:7)
  3 water moccasin zombies
  A water moccasin skeleton (D:6)
  11 killer bees (D:9)
  9 wights
  3 howler monkeys (D:10)
  5 bullfrog zombies
  6 centaur zombies
  An orc priest (D:10)
  2 gnoll shamans
  2 hounds
  A jelly (D:6)
  Crazy Yiuf (D:6)
  2 centaur skeletons
  An iguana (D:6)
  Terence (D:2)
  8 orc wizards
  3 killer bee zombies
  A hound zombie (D:5)
  A howler monkey zombie (D:9)
  17 gnolls
  2 howler monkey skeletons
  4 adders
  A shadow imp (D:6)
  A white imp (D:7)
  4 worms
  3 dart slugs
  51 orcs
  5 endoplasms
  3 giant cockroaches
  5 goblins
  9 hobgoblins
  10 jackals
  12 kobolds
  6 quokkas
  5 ball pythons
  9 bats
  3 frilled lizards
  4 rats
248 creatures vanquished.

Vanquished Creatures (others)
  3 fungi (D:6)
  6 plants
9 creatures vanquished.

Grand Total: 257 creatures vanquished

Notes
Turn   | Place    | Note
-------+----------+-------------------------------------------
     0 | D:1      | frimble the Troll Warper began the quest for the Orb.
     0 | D:1      | Reached XP level 1. HP: 19/19 MP: 1/1
    63 | D:1      | Reached skill level 1 in Throwing
   181 | D:1      | Reached XP level 2. HP: 24/28 MP: 2/2
   251 | D:1      | Learned a level 2 spell: Blink
   635 | D:1      | Reached XP level 3. HP: 35/35 MP: 4/4
   741 | D:2      | You fall into a shaft and drop 1 floor!
   749 | D:3      | Reached XP level 4. HP: 59/59 MP: 5/5
   889 | D:3      | You fall into a shaft and drop 3 floors!
   906 | D:6      | Noticed a scorpion
   934 | D:6      | Killed a scorpion
   935 | D:6      | Reached XP level 5. HP: 56/67 MP: 6/6
   951 | D:5      | Entered Level 5 of the Dungeon
   974 | D:5      | Reached skill level 3 in Unarmed Combat
  1063 | D:6      | Reached XP level 6. HP: 67/75 MP: 7/7
  1117 | D:5      | Noticed an ice beast
  1133 | D:5      | Killed an ice beast
  1229 | D:5      | Reached skill level 4 in Unarmed Combat
  1229 | D:5      | Reached XP level 7. HP: 70/83 MP: 8/8
  1261 | D:4      | Noticed a steam dragon
  1263 | D:4      | Killed a steam dragon
  1408 | D:4      | Found a transporter.
  1410 | D:4      | Found a transporter.
  1410 | D:4      | Noticed croobank's ghost (weakling HuDe)
  1882 | D:2      | Found a radiant altar of Vehumet.
  2185 | D:2      | Noticed Terence
  2193 | D:2      | Killed Terence
  2783 | D:4      | Reached skill level 5 in Unarmed Combat
  3033 | D:4      | Reached XP level 8. HP: 92/92 MP: 9/9
  3044 | D:4      | Found a bloodstained altar of Trog.
  3250 | D:5      | Found a staircase to the Ecumenical Temple.
  3546 | Temple   | Entered the Ecumenical Temple
  3708 | Temple   | Became a worshipper of Cheibriados the Contemplative
  3977 | D:6      | Reached * piety under Cheibriados
  4255 | D:6      | Noticed Pikel
  4276 | D:6      | Killed Pikel
  4277 | D:6      | Reached skill level 6 in Unarmed Combat
  4277 | D:6      | Reached skill level 5 in Translocations
  4326 | D:6      | Found a basalt altar of Yredelemnul.
  4372 | D:6      | Reached XP level 9. HP: 91/98 MP: 10/10
  4479 | D:6      | Reached skill level 7 in Unarmed Combat
  4534 | D:6      | Found a runed translucent door.
  4535 | D:6      | Noticed Crazy Yiuf
  4666 | D:6      | Reached ** piety under Cheibriados
  4942 | D:6      | Killed Crazy Yiuf
  5112 | D:7      | Noticed Maggie
  5133 | D:7      | Killed Maggie
  5181 | D:7      | Found Muef's Weapon Shop.
  5700 | D:8      | Noticed a green ugly thing
  5861 | D:8      | Killed a green ugly thing
  5861 | D:8      | Reached *** piety under Cheibriados
  5862 | D:8      | Reached skill level 8 in Unarmed Combat
  5935 | D:8      | Reached XP level 10. HP: 62/107 MP: 11/11
  6907 | D:9      | Found Olon's Magic Scroll Emporium.
  6998 | D:9      | Reached skill level 9 in Unarmed Combat
  6998 | D:9      | Reached **** piety under Cheibriados
  7528 | D:10     | Entered Level 10 of the Dungeon
  7696 | D:10     | Found an opulent altar of Gozag.
  8409 | D:11     | Noticed a cyclops
  8414 | D:11     | Reached skill level 1 in Armour
  8418 | D:11     | Killed a cyclops
  8507 | D:11     | Noticed an eight-headed hydra
  8866 | D:11     | Reached skill level 10 in Unarmed Combat
  8869 | D:11     | Reached XP level 11. HP: 110/115 MP: 12/12
  8919 | D:11     | Noticed a centaur warrior
  8923 | D:11     | HP: 1/115 [centaur warrior/arrow (16)]
  8927 | D:11     | Slain by a centaur warrior

Illustrated notes

Levels and vault maps discovered:
D:1:      dpeg_arrival_rhombus, layout_loops_ring, serial_bayou_pond_b,
          minmay_octomino_j4
D:2:      wad_lake_hut, layout_loops_ring, basic_altar, uniq_terence
D:3:      layout_rooms
D:4:      layout_loops_ring, trog_butcher_becter, gammafunk_ghost_mausoleum,
          grunt_ministairs_12
D:5:      layout_rooms, minmay_temple_entry_poolview
D:6:      layout_loops_corners, lemuel_tele_altar, serial_undead,
          serial_undead_d, serial_undead_e, serial_undead_d, serial_undead_e,
          kennysheep_another_room, uniq_pikel, uniq_crazy_yiuf_cottage
D:7:      layout_cave_pools, serial_shops, shop_fountains, uniq_maggie
D:8:      layout_basic, dk_rats_in_the_wall
D:9:      layout_basic, nicolae_take_the_stairs
D:10:     layout_stronghold, nicolae_gozag_seed_capital, minmay_misc_feat_x
D:11:     layout_loops_ring, erik_lair_orcish_takeover, hiddenorc1_lemuel,
          kennysheep_cross_room
Temple:   mainiacjoe_temple_bowtie_tessellation

Skill      XL: |  1  2  3  4  5  6  7  8  9 10 11 |
---------------+----------------------------------+-----
Throwing       | 1 3 |  3.3
Dodging        | 2 3 |  3.8
Fighting       | 2 9 |  9.1
Unarmed Combat | 3 4 5 6 8 10 | 10.1
Translocations | 3 4 5 6 |  6.7
Armour         | 1 2 |  2.0
Spellcasting   | |  1.3

Action                   |  1- 3 |  4- 6 |  7- 9 | 10-12 || total
-------------------------+-------+-------+-------+-------++-------
Melee: Unarmed           |    83 |   105 |   380 |   177 ||   745
       Punch             |       |       |    10 |    16 ||    26
Throw: Boomerang         |       |       |     9 |     3 ||    12
       Large rock        |       |       |       |     1 ||     1
 Cast: Blink             |       |       |     4 |     3 ||     7
Evoke: Wand              |       |       |     2 |     3 ||     5
  Use: Scroll            |     2 |     2 |     5 |     9 ||    18
       Potion            |     1 |       |     2 |     5 ||     8
 Stab: Sleeping          |     1 |       |       |       ||     1
Armor: Robe              |    40 |    49 |       |    23 ||   112
       Steam dragon scal |       |       |   156 |    39 ||   195
       Troll leather arm |       |       |       |    58 ||    58
       Skin              |       |       |       |     1 ||     1
Dodge: Dodged            |    59 |    75 |   161 |   143 ||   438

Table legend: (Time is in decaauts)
 A = Elapsed time spent in this place.
 B = Non-inter-level travel time spent in this place.
 C = Inter-level travel time spent in this place.
 D = Time resting spent in this place.
 E = Time spent auto-exploring this place.
 F = Levels seen in this place.
 G = Mean time per level.
                   A        B        C        D        E       F      G
               +--------+--------+--------+--------+--------+-----+--------+
         Total |  11195 |  10314 |    881 |    202 |   8272 |  12 |  932.9 |
       Dungeon |  11021 |  10172 |    849 |    202 |   8141 |  11 | 1001.9 |
        Temple |    174 |    142 |     32 |      0 |    131 |   1 |  174.0 |
               +--------+--------+--------+--------+--------+-----+--------+

Top non-repeatable levels by time:
     D:6: 1700 daAuts
     D:8: 1486 daAuts
    D:10: 1438 daAuts
     D:9: 1233 daAuts
     D:2: 835 daAuts
     D:4: 809 daAuts
     D:7: 805 daAuts
    D:11: 794 daAuts
     D:5: 745 daAuts
     D:1: 723 daAuts
     D:3: 448 daAuts
  Temple: 174 daAuts
